 Dungeon Crawl Stone Soup version 0.29-a0-72-g1732ff48e7 (webtiles) character file.

Game seed: 18080874762812699488

507 fragbeetle the Poker (level 7, -4/60 HPs)
             Began as a Ghoul Gladiator on Feb 3, 2022.
             Slain by a gnoll shaman (8 damage)
             ... on level 3 of the Dungeon on Feb 4, 2022.
             The game lasted 00:05:47 (3580 turns).

fragbeetle the Poker (Ghoul Gladiator)              Turns: 3580, Time: 00:05:48

Health: -4/60      AC: 12    Str: 20    XL:     7   Next: 18%
Magic:  6/6        EV:  6    Int:  3    God:
Gold:   122        SH:  0    Dex: 10    Spells: 6/6 levels left

rFire   . . .      SeeInvis .   x - +0 halberd
rCold   + . .      Faith    .   (shield currently unavailable)
rNeg    + + +      Spirit   .   n - +0 plate armour
rPois   ∞          Reflect  .   c - +0 helmet
rElec   .          Harm     .   (no cloak)
rCorr   .          Rampage  .   e - +0 pair of gloves
Will    .....                   (no boots)
Stlth   ..........              (no amulet)
HPRegen 0.00/turn               (no ring)
MPRegen 0.10/turn               (no ring)

@: lit by a corona, inhibited regen, glowing
A: claws 1, cold resistance 1, negative energy resistance 3, inhibited
regeneration, torment resistance 2
a: no special abilities


You were on level 3 of the Dungeon.
You visited 1 branch of the dungeon, and saw 3 of its levels.

You collected 122 gold pieces.

Inventory:

Hand Weapons
 a - a +0 trident
 t - a +2 whip of distortion
 x - a +0 halberd (weapon)
Missiles
 d - 3 throwing nets
 o - 6 boomerangs (quivered)
 w - a curare-tipped dart
Armour
 b - a +0 leather armour
 c - a +0 helmet (worn)
 e - a +0 pair of gloves (worn)
 n - a +0 plate armour (worn)
Jewellery
 u - an amulet of the acrobat
Wands
 y - a wand of acid (10)
Scrolls
 f - 6 scrolls of identify {unknown}
 h - a scroll of noise {unknown}
 l - a scroll of teleportation {unknown}
 q - a scroll of enchant armour {unknown}
 r - a scroll of enchant weapon {unknown}
 s - a scroll of vulnerability {unknown}
 v - a scroll of fear {unknown}
Potions
 g - a potion of brilliance {unknown}
 i - a potion of curing {unknown}
 j - a potion of haste
 k - a potion of berserk rage {unknown}
 m - a potion of attraction {unknown}
 p - a potion of mutation {unknown}


   Skills:
 + Level 4.9 Fighting
 * Level 6.0 Polearms
 - Level 2.0 Throwing
 - Level 3.0 Dodging


You had 6 spell levels left.
You didn't know any spells.
Your spell library was empty.

Dungeon Overview and Level Annotations

Branches:
Dungeon (3/15)

Altars:


Innate Abilities, Weirdness & Mutations

You thrive by killing the living.
You are immune to poison.
You have sharp fingernails.
Your flesh is cold resistant. (rC+)
You are immune to negative energy. (rN+++)
You do not regenerate when monsters are visible.
You are immune to unholy pain and torment.


Message History

You closely miss the gnoll shaman.
The gnoll shaman is moderately wounded.
The gnoll shaman hits you but does no damage.
You barely miss the gnoll shaman.
The gnoll shaman is moderately wounded.
The gnoll shaman hits you with a +0 whip.
You slash the gnoll shaman!
The gnoll shaman is almost dead.
The gnoll shaman utters an invocation to its god.
The gnoll shaman is healed somewhat.
You hit the gnoll shaman.
The gnoll shaman is severely wounded.
The gnoll shaman hits you with a +0 whip!
* * * LOW HITPOINT WARNING * * *
The gnoll shaman invokes the aid of its god against you.
You resist with some effort.
You barely miss the gnoll shaman.
The gnoll shaman is severely wounded.
The gnoll shaman hits you with a +0 whip.
* * * LOW HITPOINT WARNING * * *
You closely miss the gnoll shaman.
The gnoll shaman is severely wounded.
The gnoll shaman hits you but does no damage.
You closely miss the gnoll shaman.
The gnoll shaman is severely wounded.
The gnoll shaman invokes the aid of its god against you.
You are outlined in light.
You barely miss the gnoll shaman.
The gnoll shaman is severely wounded.
The gnoll shaman barely misses you.
You closely miss the gnoll shaman.
The gnoll shaman is severely wounded.
The gnoll shaman hits you with a +0 whip!
* * * LOW HITPOINT WARNING * * *
The gnoll shaman prays to its god.
The gnoll shaman is healed somewhat.
You hit the gnoll shaman but do no damage.
The gnoll shaman is moderately wounded.
The gnoll shaman hits you with a +0 whip!
You die...

###.....).)........##########....
.............)...................
≈≈≈≈≈≈≈≈≈≈≈≈≈≈≈).).≈≈≈≈≈≈≈≈≈≈≈≈≈≈
≈≈≈≈≈≈≈≈≈≈≈≈≈≈≈..).≈≈≈≈≈≈≈≈≈≈≈≈≈≈
###≈≈≈≈≈≈≈≈≈≈≈≈..).≈≈≈≈≈≈≈≈≈≈≈≈##
go#............................#o
..#############)'''#############
#+# #.)).# .. # #.@..# ... #
#.g..# .... # #...)#######''### #
...#....#.........#. #
8..'....').).)....'. #
8..'....'....)....#. #
...#8..8#.........#. #
################### #+# #+


You could see a gnoll shaman.

Vanquished Creatures
  A kobold brigand (D:3)
  2 howler monkeys (D:3)
  2 hounds (D:3)
  An orc priest (D:3)
  15 gnolls
  2 adders (D:2)
  2 worms
  2 dart slugs
  14 orcs (D:3)
  A ball python (D:1)
  4 bats
  8 endoplasms
  4 giant cockroaches
  3 hobgoblins
  12 jackals (D:3)
  2 quokkas
  2 frilled lizards (D:1)
  7 goblins
  5 kobolds
  4 rats
93 creatures vanquished.

Vanquished Creatures (others)
  A plant (D:3)
1 creature vanquished.

Grand Total: 94 creatures vanquished

Notes
Turn   | Place    | Note
-------+----------+-------------------------------------------
     0 | D:1      | fragbeetle the Ghoul Gladiator began the quest for the Orb.
     0 | D:1      | Reached XP level 1. HP: 17/17 MP: 0/0
   108 | D:1      | Reached XP level 2. HP: 23/25 MP: 1/1
   205 | D:1      | Reached skill level 3 in Polearms
   910 | D:2      | Reached XP level 3. HP: 22/30 MP: 2/2
  1026 | D:2      | You fall into a shaft and drop 1 floor!
  1445 | D:2      | Reached XP level 4. HP: 35/38 MP: 3/3
  1565 | D:2      | Reached skill level 4 in Polearms
  2365 | D:3      | Reached XP level 5. HP: 29/45 MP: 4/4
  2872 | D:3      | Reached skill level 5 in Polearms
  2872 | D:3      | Reached XP level 6. HP: 52/52 MP: 5/5
  2983 | D:3      | Found a faded altar of an unknown god.
  3353 | D:3      | Reached XP level 7. HP: 60/60 MP: 6/6
  3438 | D:3      | Reached skill level 6 in Polearms
  3580 | D:3      | Slain by a gnoll shaman

Illustrated notes

Levels and vault maps discovered:
D:1:      nzn_arrival_depleted_hourglass, layout_basic, serial_glass,
          glass_columns_b, glass_columns_b, glass_columns_b, glass_columns_a,
          glass_columns_a, minmay_tetromino_o2
D:2:      layout_basic, minmay_split_cup_small
D:3:      lemuel_castle_with_subvaults [lemuel_castle_interior_carwin_2],
          layout_loops_ring, dreamdust_ecumenical_altar_hidden_monk_grotto

Skill      XL: |  1  2  3  4  5  6  7 |
---------------+----------------------+-----
Polearms       | 3 4 5 6 |  6.0
Throwing       | 2 |  2.0
Dodging        | 3 |  3.0
Fighting       | 3 4 |  4.9

Action                   |  1- 3 |  4- 6 |  7- 9 || total
-------------------------+-------+-------+-------++-------
Melee: Trident           |   120 |   189 |       ||   309
       Punch             |       |     1 |       ||     1
       Halberd           |       |     7 |    64 ||    71
Throw: Boomerang         |       |     4 |       ||     4
Armor: Leather armour    |    32 |       |       ||    32
       Plate armour      |       |    75 |    40 ||   115
Dodge: Dodged            |    67 |    36 |    16 ||   119

Table legend: (Time is in decaauts)
 A = Elapsed time spent in this place.
 B = Non-inter-level travel time spent in this place.
 C = Inter-level travel time spent in this place.
 D = Time resting spent in this place.
 E = Time spent auto-exploring this place.
 F = Levels seen in this place.
 G = Mean time per level.
                   A        B        C        D        E       F      G
               +--------+--------+--------+--------+--------+-----+--------+
         Total |   3643 |   3595 |     48 |    180 |   2563 |   3 | 1214.3 |
       Dungeon |   3643 |   3595 |     48 |    180 |   2563 |   3 | 1214.3 |
               +--------+--------+--------+--------+--------+-----+--------+

Top non-repeatable levels by time:
     D:3: 1525 daAuts
     D:2: 1216 daAuts
     D:1: 901 daAuts
